 Dungeon Crawl Stone Soup version 0.28-a0-1396-gdcb3f3653b (webtiles) character file.

Game seed: 2785487264605300332

156 Deminshera the Sneak (level 5, 0/28 HPs)
             Began as a Vine Stalker Brigand on Jan 5, 2022.
             Was a Follower of Uskayaw.
             Succumbed to a water moccasin's poison
             ... in a sewer.
             The game lasted 00:03:14 (3054 turns).

Deminshera the Sneak (Vine Stalker Brigand)         Turns: 3054, Time: 00:03:14

Health: 0/28       AC:  8    Str: 14    XL:     5   Next: 38%
Magic:  1/6        EV: 24    Int: 11    God:    Uskayaw [*.....]
Gold:   65         SH:  4    Dex: 17    Spells: 4/4 levels left

rFire   . . .      SeeInvis .   a - +2 dagger
rCold   . . .      Faith    .   v - +0 buckler
rNeg    . . .      Spirit   +   h - +0 ring mail
rPois   .          Reflect  .   (no helmet)
rElec   .          Harm     .   c - +0 cloak
rCorr   .          Rampage  .   m - +1 pair of gloves
Will    +....                   (no boots)
Stlth   ++........              o - amulet of the acrobat
HPRegen 0.89/turn               q - ring of willpower
MPRegen 0.10/turn               (no ring)

@: lethally poisoned (0 -> -4), acrobatic
A: fangs 2, regeneration 1, magic shield, antimagic bite, no potion heal 2
a: Renounce Religion, Stomp


You were in a sewer.
You worshipped Uskayaw.
Uskayaw was noncommittal.
You visited 1 branch of the dungeon, and saw 4 of its levels.
You also visited: Sewer.

You collected 65 gold pieces.

Inventory:

Hand Weapons
 a - a +2 dagger (weapon)
Missiles
 d - 26 poisoned darts (quivered)
 e - 2 curare-tipped darts
 p - 3 throwing nets
Armour
 c - a +0 cloak (worn)
 h - a +0 ring mail (worn)
 m - a +1 pair of gloves (worn)
 v - a +0 buckler (worn)
Jewellery
 o - an amulet of the acrobat (around neck)
 q - a ring of willpower (left hand)
 t - a ring of fire
Scrolls
 b - a scroll of magic mapping {unknown}
 f - 2 scrolls of teleportation
 i - 2 scrolls of identify
 j - a scroll of immolation {unknown}
 l - a scroll of holy word {unknown}
 n - a scroll of fog {unknown}
 r - a scroll of brand weapon {unknown}
 s - a scroll of blinking {unknown}
 u - a scroll of vulnerability {unknown}
 w - a scroll of amnesia {unknown}
Potions
 g - a potion of lignification {unknown}
 k - a potion of cancellation


   Skills:
 - Level 3.0 Fighting
 + Level 4.0 Short Blades
 - Level 2.0 Throwing
 - Level 1.0 Dodging
 - Level 5.0 Stealth


You had 4 spell levels left.
You didn't know any spells.
Your spell library contained the following spells:

 Spells                   Type           Power      Damage    Failure   Level
 Magic Dart               Conj           0%         1d3       77%         1
 Searing Ray              Conj           0%         2d4       88%         2
 Fulminant Prism          Conj/Hex       0%         3d6       100%        4


Dungeon Overview and Level Annotations

Branches:
Dungeon (4/15)              Sewer (1/1)
 Temple: D:4-7

Altars:
Uskayaw
Xom


Innate Abilities, Weirdness & Mutations

You have extremely sharp teeth.
Your natural rate of healing is unusually fast.
When hurt, damage is shared between your health and your magic reserves.
Your bite disrupts and absorbs the magic of your enemies.
Potions cannot restore your health.


Message History

The water moccasin bites you.
You are poisoned.
The water moccasin poisons you! You block the water moccasin's attack.
You closely miss the water moccasin. Your bite misses the water moccasin.
The water moccasin is lightly wounded.
You feel very sick. The water moccasin closely misses you.
You feel very sick.
You feel sick.
The water moccasin completely misses you.
You feel sick.
You feel sick.
You see here a potion of haste.
x - a potion of haste You feel sick.
The water moccasin barely misses you. You block the water moccasin's attack.
You feel yourself speed up.
You feel sick. The water moccasin barely misses you.
It was a potion of cancellation.
Your magical effects are unravelling.
You feel magically purged.
You feel yourself slow down. The water moccasin bites you.
You hit the water moccasin.
The water moccasin is lightly wounded.
You feel sick. The water moccasin bites you.
You are more poisoned.
The water moccasin poisons you!
You barely miss the water moccasin. Your bite misses the water moccasin.
The water moccasin is lightly wounded.
* * * LOW HITPOINT WARNING * * *
You feel very sick. The water moccasin closely misses you.
You block the water moccasin's attack.
You closely miss the water moccasin. Your bite misses the water moccasin.
The water moccasin is lightly wounded.
* * * LOW HITPOINT WARNING * * *
You feel very sick. The water moccasin bites you!
* * * LOW HITPOINT WARNING * * *
You die...

####### ##.....##
#$......#
#!$.....############
#)[.....S.@........∩
#/$.....####.#######
#$......# #.#
##.....## #.#
####### #.# #.# #.#
##.## ##...##


You could see a water moccasin.

Vanquished Creatures
  A hound (D:3)
  4 adders
  A worm (D:3)
  3 dart slugs
  6 orcs (D:3)
  4 ball pythons (D:1)
  6 endoplasms
  3 giant cockroaches
  8 goblins
  3 hobgoblins
  6 kobolds
  2 quokkas
  13 bats
  5 frilled lizards
  11 rats
76 creatures vanquished.

Notes
Turn   | Place    | Note
-------+----------+-------------------------------------------
     0 | D:1      | Deminshera the Vine Stalker Brigand began the quest for the
                  | Orb.
     0 | D:1      | Reached XP level 1. HP: 11/11 MP: 2/2
   244 | D:1      | Reached skill level 1 in Dodging
   244 | D:1      | Reached XP level 2. HP: 4/15 MP: 1/3
   479 | D:1      | Reached skill level 5 in Stealth
  1158 | D:1      | Reached XP level 3. HP: 16/18 MP: 4/4
  1377 | D:1      | Found a faded altar of an unknown god.
  1819 | D:2      | Gained mutation: Your natural rate of healing is unusually
                  | fast. [Vine Stalker growth]
  1819 | D:2      | Reached XP level 4. HP: 12/23 MP: 2/5
  2368 | D:3      | Reached XP level 5. HP: 24/28 MP: 6/6
  2526 | D:3      | Found a hide-covered altar of Uskayaw.
  2552 | D:3      | Became a worshipper of Uskayaw the Reveller
  2581 | D:3      | Reached * piety under Uskayaw
  2602 | D:3      | Found a shimmering altar of Xom.
  2987 | D:4      | Found a glowing drain.
  3007 | Sewer    | Entered a sewer
  3017 | Sewer    | Reached ** piety under Uskayaw
  3031 | Sewer    | Noticed a water moccasin
  3054 | Sewer    | Succumbed to a water moccasin's poison

Illustrated notes

Levels and vault maps discovered:
D:1:      saegor_arrival_simple_b, layout_basic,
          chequers_ecumenical_altar_simple
D:2:      layout_rooms
D:3:      layout_basic, lemuel_round_altar, old_standard_altar
D:4:      layout_basic, portal_sewer_entry_d, nrook_mini_vaults
Sewer:    sewer_big_baddie

Skill      XL: |  1  2  3  4  5 |
---------------+----------------+-----
Dodging        | 1 |  1.0
Stealth        | 5 |  5.0
Short Blades   | 2 3 4 |  4.0
Throwing       | 2 |  2.0
Fighting       | 2 3 |  3.0

Action                   |  1- 3 |  4- 6 || total
-------------------------+-------+-------++-------
Melee: Dagger            |   105 |   114 ||   219
       Bite              |    19 |    37 ||    56
  Use: Potion            |       |     2 ||     2
       Scroll            |       |     1 ||     1
 Stab: Sleeping          |     6 |     2 ||     8
Armor: Ring mail         |    48 |    36 ||    84
Dodge: Dodged            |    68 |    61 ||   129
Block: Buckler           |       |     7 ||     7

Table legend: (Time is in decaauts)
 A = Elapsed time spent in this place.
 B = Non-inter-level travel time spent in this place.
 C = Inter-level travel time spent in this place.
 D = Time resting spent in this place.
 E = Time spent auto-exploring this place.
 F = Levels seen in this place.
 G = Mean time per level.
                   A        B        C        D        E       F      G
               +--------+--------+--------+--------+--------+-----+--------+
         Total |   3028 |   2952 |     76 |    360 |   1979 |   5 |  605.6 |
       Dungeon |   2984 |   2908 |     76 |    360 |   1970 |   4 |  746.0 |
         Sewer |     44 |     44 |      0 |      0 |      9 |   1 |   44.0 |
               +--------+--------+--------+--------+--------+-----+--------+

Top non-repeatable levels by time:
     D:1: 1473 daAuts
     D:3: 862 daAuts
     D:2: 530 daAuts
     D:4: 118 daAuts
   Sewer: 44 daAuts
